 Dungeon Crawl Stone Soup version 0.29-a0-830-gcb1280458a (webtiles) character file.

Game seed: 188808497342201361

2544 wilfster70 the Carver (level 9, -1/74 HPs)
             Began as a Demonspawn Berserker on July 11, 2022.
             Was an Elder of Trog.
             Slain by a gnoll
             ... wielding a +2 spear of distortion
             ... led by a gnoll sergeant
              (11 damage)
             ... on level 7 of the Dungeon.
             The game lasted 00:15:51 (6775 turns).

wilfster70 the Carver (Demonspawn Berserker)        Turns: 6775, Time: 00:15:51

Health: -1/74      AC:  9    Str: 21    XL:     9   Next: 30%
Magic:  9/9        EV: 15    Int: 10    God:    Trog [****..]
Gold:   353        SH:  0    Dex: 15    Spells: 8/8 levels left

rFire   . . .      SeeInvis .   a - +1 falchion (venom)
rCold   . . .      Faith    .   v - orb {light}
rNeg    . . .      Spirit   .   k - +1 chain mail of the Five Blessings {Fly Dex+3}
rPois   .          Reflect  .   (no helmet)
rElec   .          Harm     .   (no cloak)
rCorr   .          Rampage  .   (no gloves)
Will    ++...                   (no boots)
Stlth   ..........              (no amulet)
HPRegen 1.22/turn               t - +4 ring of slaying
MPRegen 0.11/turn               j - +4 ring of evasion

@: strong-willed, on berserk cooldown, flying, regenerating, slowed, glowing,
very slow
A: repulsion field 2, ignite blood 2, weakness stinger 1
a: Renounce Religion, Berserk, Trog's Hand, Brothers in Arms


You were on level 7 of the Dungeon.
You worshipped Trog.
Trog was greatly pleased with you.
You visited 1 branch of the dungeon, and saw 7 of its levels.
You also visited: Sewer.

You collected 353 gold pieces.

Inventory:

Hand Weapons
 a - a +1 falchion of venom (weapon)
 b - a +0 sling
Missiles
 A - a throwing net (quivered)
Armour
 k - the +1 chain mail of the Five Blessings (worn) {Fly Dex+3}
   (You found it on level 3 of the Dungeon)

   Dex:       It affects your dexterity (+3).
   Fly:       It grants you flight.
 v - an orb of light (worn)
Jewellery
 i - a ring of positive energy
 j - a +4 ring of evasion (right hand)
 q - a ring of willpower
 t - a +4 ring of slaying (left hand)
Wands
 w - a wand of iceblast (14)
Scrolls
 s - a scroll of fog
 x - a scroll of fear
 y - 2 scrolls of teleportation
Potions
 c - 3 potions of heal wounds
 d - 2 potions of curing
 e - 3 potions of mutation
 f - a potion of invisibility {unknown}
 g - 3 potions of magic
 h - 2 potions of brilliance {unknown}
 l - a potion of cancellation
 m - a potion of berserk rage {unknown}
 n - 2 potions of degeneration {unknown}
 o - 2 potions of haste {unknown}
 p - a potion of lignification {unknown}
 u - 2 potions of attraction {unknown}
 z - a potion of ambrosia {unknown}


   Skills:
 + Level 7.8 Fighting
 * Level 10.0 Long Blades
 - Level 1.7 Armour
 - Level 1.7 Dodging


You had 8 spell levels left.
You didn't know any spells.
Your spell library was empty.

Dungeon Overview and Level Annotations

Branches:
Dungeon (7/15)             Temple (0/1) D:6           Sewer (visited)

Altars:
Dithmenos
Nemelex Xobeh


Innate Abilities, Weirdness & Mutations

You are surrounded by a moderate repulsion field. (EV +3)
Your demonic aura often causes spilled blood to erupt in flames.
You have a small tail.


Message History

You slash Joseph!
Joseph is poisoned.
Joseph is moderately wounded.
You slash Joseph!
Joseph looks as sick as possible!
Joseph is moderately wounded.
You are no longer berserk.
You are exhausted.
You feel yourself slow down. The gnoll barely misses you.
Joseph is engulfed in blazing flames.
Joseph hits you but does no damage.
You hit Joseph.
Joseph is severely wounded.
The gnoll hits you from afar with a +2 spear of distortion.
You blink.
Found a potion of curing.
Joseph is engulfed in blazing flames.
The ice beast attacks as you move away! The ice beast misses you.
A wight comes into view. It is wielding a +0 flail.
Joseph is engulfed in blazing flames.
You kill Joseph!
Trog accepts your kill. The ice beast barely misses you.
Your Long Blades skill increases to level 10!
You fail to use your ability.
The ice beast hits you but does no damage.
The ice beast attacks as you move away! The ice beast barely misses you.
The gnoll barely misses you.
The ice beast hits you but does no damage.
The gnoll closely misses you.
Okay, then.
Your skin crawls.
You feel strong-willed. The gnoll barely misses you.
The gnoll hits you from afar with a +2 spear of distortion.
Space warps around you. The ice beast hits you.
* * * LOW HITPOINT WARNING * * *
The ice beast freezes you!
* * * LOW HITPOINT WARNING * * *
A wight comes into view. It is wielding a +0 scimitar.
The wight hits you with a +0 flail.
* * * LOW HITPOINT WARNING * * *
The wight misses you. The gnoll hits you but does no damage.
Space warps horribly around you!
You die...

#........########......
+........'..)))........
#........######)...^...
#........# #.?......
#........# #..!.....
#........# #........
########## #gg...$..
#☼zY..... #@.......
#........ #........
###...... !..... ..z...
...... .....


You could see an ice beast, 2 wights and 2 gnolls.

Vanquished Creatures
  Joseph (D:7)
  The ghost of qborf the Chopper, an amateur MiCK of Xom (D:5)
  A black bear (D:6)
  3 sky beasts
  A bullfrog (D:6)
  2 gnoll sergeants
  2 necrophages
  4 scorpions
  3 wights (D:6)
  2 hounds
  5 jellies
  4 quasits (D:5)
  An orc priest (D:6)
  Ijyb (D:5)
  An iguana (D:4)
  Terence (D:2)
  5 orc wizards
  8 gnolls
  16 adders
  A river rat (Sewer)
  4 white imps
  2 ufetubi (D:5)
  A worm (Sewer)
  3 dart slugs
  16 orcs
  18 endoplasms
  8 giant cockroaches
  6 goblins
  2 hobgoblins
  4 jackals
  6 quokkas
  14 ball pythons
  7 bats
  9 frilled lizards
  7 kobolds
  13 rats
183 creatures vanquished.

Notes
Turn   | Place    | Note
-------+----------+-------------------------------------------
     0 | D:1      | wilfster70 the Demonspawn Berserker began the quest for the
                  | Orb.
     0 | D:1      | Reached XP level 1. HP: 18/18 MP: 1/1
   243 | D:1      | Reached skill level 3 in Long Blades
   328 | D:1      | Gained mutation: Your demonic aura sometimes causes spilled
                  | blood to erupt in flames. [demonic ancestry]
   328 | D:1      | Reached XP level 2. HP: 24/24 MP: 2/2
   381 | D:1      | Found a faded altar of an unknown god.
  1088 | D:2      | Found a sparkling altar of Nemelex Xobeh.
  1097 | D:2      | Reached XP level 3. HP: 25/29 MP: 3/3
  1733 | D:2      | Reached ** piety under Trog
  1780 | D:2      | Reached skill level 4 in Long Blades
  1780 | D:2      | Reached XP level 4. HP: 37/37 MP: 4/4
  1941 | D:2      | Noticed Terence
  1949 | D:2      | Killed Terence
  2852 | D:3      | Gained mutation: You are surrounded by a mild repulsion
                  | field. (EV +2) [demonic ancestry]
  2852 | D:3      | Reached XP level 5. HP: 36/42 MP: 5/5
  3147 | D:3      | Reached skill level 5 in Long Blades
  3186 | D:3      | Found the +4 robe of Augmentation {Str+4 Int+4 Dex+4}
  3232 | D:3      | Identified the +1 chain mail of the Five Blessings {Fly
                  | Dex+3}
  3531 | D:4      | Reached XP level 6. HP: 49/49 MP: 6/6
  4427 | D:4      | Found a shadowy altar of Dithmenos.
  4490 | D:5      | Entered Level 5 of the Dungeon
  4767 | D:4      | Reached skill level 6 in Long Blades
  4826 | D:5      | Reached skill level 5 in Fighting
  4880 | D:5      | Reached *** piety under Trog
  4911 | D:5      | Gained mutation: Your demonic aura often causes spilled
                  | blood to erupt in flames. [demonic ancestry]
  4911 | D:5      | Reached XP level 7. HP: 56/56 MP: 7/7
  5009 | D:5      | Noticed qborf's ghost (amateur MiCK)
  5010 | D:5      | Found a transporter.
  5051 | D:5      | Noticed Ijyb
  5059 | D:5      | Killed Ijyb
  5467 | D:5      | Found a transporter.
  5499 | D:5      | Reached skill level 7 in Long Blades
  5508 | D:5      | Killed qborf's ghost
  5509 | D:5      | Gained mutation: You have a small tail. [demonic ancestry]
  5509 | D:5      | Reached XP level 8. HP: 64/64 MP: 8/8
  5631 | D:6      | Found a staircase to the Ecumenical Temple.
  5648 | D:6      | Reached skill level 8 in Long Blades
  5741 | D:6      | Found a glowing drain.
  5753 | Sewer    | Entered a sewer
  5896 | Sewer    | Reached **** piety under Trog
  6034 | Sewer    | Found a viscous altar of Jiyva.
  6113 | D:6      | Reached skill level 9 in Long Blades
  6281 | D:6      | Gained mutation: You are surrounded by a moderate repulsion
                  | field. (EV +3) [demonic ancestry]
  6281 | D:6      | Reached XP level 9. HP: 49/72 MP: 9/9
  6746 | D:7      | Noticed Joseph
  6771 | D:7      | Killed Joseph
  6772 | D:7      | Reached skill level 10 in Long Blades
  6775 | D:7      | Slain by a gnoll

Illustrated notes

Levels and vault maps discovered:
D:1:      dpeg_arrival_tiny_a, layout_basic, shapermc_ecumenical_altar_pompeii
D:2:      minmay_general_purpose_star, layout_basic, basic_altar,
          cheibrodos_gnoll_hut, uniq_terence
D:3:      layout_rooms, minmay_misc_feat_enclosed, kennysheep_generic_room_9
D:4:      layout_basic, mainiacjoe_overflow_alcove_4
D:5:      layout_basic, gammafunk_ghost_stat_death, feat_on_display, uniq_ijyb
D:6:      layout_rooms, mainiacjoe_overflow_alcove_2, temple_fountains,
          gup_sewer_entry_pipe
D:7:      layout_basic, uniq_joseph

Skill      XL: |  1  2  3  4  5  6  7  8  9 |
---------------+----------------------------+-----
Long Blades    | 3 4 5 6 7 9 10 | 10.0
Fighting       | 4 5 6 7 |  7.8
Armour         | |  1.7
Dodging        | |  1.7

Action                   |  1- 3 |  4- 6 |  7- 9 || total
-------------------------+-------+-------+-------++-------
Melee: Falchion          |   108 |   147 |   175 ||   430
       Punch             |     1 |     1 |       ||     2
       Tailslap          |       |       |    26 ||    26
Invok: Berserk           |     6 |     6 |     5 ||    17
       Trog's Hand       |       |     1 |     4 ||     5
  Use: Scroll            |     2 |    12 |     5 ||    19
 Stab: Sleeping          |       |     1 |       ||     1
Armor: Animal skin       |     3 |       |       ||     3
       Leather armour    |    13 |    18 |       ||    31
       Robe              |       |     3 |       ||     3
       Chain mail        |       |    20 |    83 ||   103
Dodge: Dodged            |    81 |   111 |   154 ||   346

Table legend: (Time is in decaauts)
 A = Elapsed time spent in this place.
 B = Non-inter-level travel time spent in this place.
 C = Inter-level travel time spent in this place.
 D = Time resting spent in this place.
 E = Time spent auto-exploring this place.
 F = Levels seen in this place.
 G = Mean time per level.
                   A        B        C        D        E       F      G
               +--------+--------+--------+--------+--------+-----+--------+
         Total |   6897 |   6574 |    323 |   1364 |   2993 |   8 |  862.1 |
       Dungeon |   6563 |   6240 |    323 |   1247 |   2949 |   7 |  937.6 |
         Sewer |    333 |    333 |      0 |    116 |     44 |   1 |  333.0 |
               +--------+--------+--------+--------+--------+-----+--------+

Top non-repeatable levels by time:
     D:2: 1799 daAuts
     D:4: 1163 daAuts
     D:1: 1112 daAuts
     D:5: 917 daAuts
     D:3: 736 daAuts
     D:6: 661 daAuts
   Sewer: 333 daAuts
     D:7: 173 daAuts
